 Seeded DCSS version 0.29.1-2-gbd0b4ee654 (webtiles) character file.

Game seed: 3311 (custom seed)

2 Ashen the Caller (level 1, 0/13 HPs)
             Began as a Demonspawn Summoner on Oct 28, 2022.
             Slain by a hobgoblin (5 damage)
             ... on level 1 of the Dungeon.
             The game lasted 00:01:55 (82 turns).

Ashen the Caller (Demonspawn Summoner)                Turns: 82, Time: 00:01:55

Health: 0/13       AC:  2    Str:  8    XL:     1   Next: 33%
Magic:  0/3        EV: 12    Int: 16    God:
Gold:   0          SH:  0    Dex: 13    Spells: 3/4 levels left

rFire   . . .      SeeInvis .   (no weapon)
rCold   . . .      Faith    .   (no shield)
rNeg    . . .      Spirit   .   a - +0 robe
rPois   .          Reflect  .   (no helmet)
rElec   .          Harm     .   (no cloak)
rCorr   .          Rampage  .   (no gloves)
Will    .....                   (no boots)
Stlth   ++........              (no amulet)
HPRegen 0.04/turn               (no ring)
MPRegen 0.08/turn               (no ring)

@: no status effects
A: no striking features
a: no special abilities


You were on level 1 of the Dungeon.
You visited 1 branch of the dungeon, and saw 1 of its levels.

Inventory:

Armour
 a - a +0 robe (worn)
Potions
 b - a potion of magic
 c - a potion of mutation {unknown}


   Skills:
 + Level 0.1 Fighting
 + Level 1.8 Dodging
 + Level 1.8 Stealth
 + Level 2.0 Spellcasting
 + Level 4.0 Summonings


You had 3 spell levels left.
You knew the following spells:

 Your Spells              Type           Power      Damage    Failure   Level
a - Summon Small Mammal   Summ           56%        N/A       4%          1

Your spell library contained the following spells:

 Spells                   Type           Power      Damage    Failure   Level
 Call Imp                 Summ           14%        N/A       6%          2
 Call Canine Familiar     Summ           14%        N/A       12%         3
 Summon Guardian Golem    Hex/Summ       8%         N/A       26%         3
 Summon Lightning Spire   Summ/Air       8%         N/A       65%         4


Dungeon Overview and Level Annotations

Branches:
Dungeon (1/15)

Altars:


Message History

Your bat hits the goblin.
Your bat closely misses the goblin.
Your bat misses the goblin.
Okay, then.
You miss the goblin.
The goblin is severely wounded.
Your bat hits the goblin.
The goblin dies!
Your bat hits the hobgoblin but does no damage. x2
The hobgoblin closely misses your bat.
Your bat misses the hobgoblin. The hobgoblin closely misses your bat.
Okay, then.
Your bat hits the hobgoblin but does no damage.
Your bat closely misses the hobgoblin.
The dart slug launches a dart at you. The slug dart hits your bat.
Your bat dies!
Your bat's corpse disappears in a puff of smoke!
Something hits your bat.
There is an open door here.
Casting: Summon Small Mammal (safe; 4% risk of failure)
Confirm with . or Enter, or press ? or * to list all spells.
The hobgoblin closely misses you.
You hit the hobgoblin but do no damage. Your bat hits the dart slug.
The hobgoblin barely misses you. The hobgoblin hits you.
You hit the hobgoblin but do no damage. Your bat hits the dart slug.
The hobgoblin barely misses you. The hobgoblin hits you.
You closely miss the hobgoblin. Your bat hits the dart slug.
The hobgoblin hits you but does no damage.
Your rat bites the hobgoblin.
The hobgoblin hits you.
You hit the hobgoblin but do no damage.
The hobgoblin is moderately wounded.
Your bat hits the dart slug but does no damage. x2
The hobgoblin misses you. The hobgoblin barely misses you.
Your rat bites the hobgoblin.
You barely miss the hobgoblin.
The hobgoblin is heavily wounded.
Your rat closely misses the hobgoblin.
Your bat hits the dart slug but does no damage.
The hobgoblin closely misses you. The hobgoblin hits you.
You die...

##+## ##...## ########
##.....## #⌠≈≈<..###
##.......## .##
#≈≈≈...#.####.........####...#
#≈≈≈...#....'r.†.b.....)......
#≈≈.##.#.####@g.w.....$....w..
#≈..##.#.# ##g......#.###..#.
#(.....#.# ##.....##.# ##
#⌠.....'.# ##...###.#
#......### ##+## #.# #...##.#
#.# #...##.# #.# #......# ...
#......#


You could see a dart slug (ally target), 2 hobgoblins, a friendly bat (summoned)
and a friendly rat (summoned).

Vanquished Creatures
  A ball python (D:1)
1 creature vanquished.

Vanquished Creatures (collateral kills)
  An endoplasm (D:1)
  A goblin (D:1)
2 creatures vanquished.

Grand Total: 3 creatures vanquished

Notes
Turn   | Place    | Note
-------+----------+-------------------------------------------
     0 | D:1      | Ashen the Demonspawn Summoner began the quest for the Orb.
     0 | D:1      | Reached XP level 1. HP: 13/13 MP: 3/3
    82 | D:1      | Slain by a hobgoblin

Illustrated notes

Levels and vault maps discovered:
D:1:      amcnicky_arrival_flooded_fountain, layout_loops_corners

Action                   || total
-------------------------++-------
Melee: Unarmed           ||     7
 Cast: Summon Small Mamm ||     6
Armor: Robe              ||     1
Dodge: Dodged            ||     6
